Map: Cosmic Sapphire

Players

Fohnzii

  • Race: Zerg Zerg
  • League: Diamond
  • Spawn Location: 5:00

Donkey - Winner!

  • Race: Terran Terran
  • Spawn Location: 11:00

VOD

Have the link to the VOD?

Description

Time

  • Played on: Nov. 28, 2022, 7:50 p.m.
  • Length: 15:46
Show
View Real Time Build Order
Export as new Build Order

Fohnzii Zerg 

Build Orders: Hatch First, Brood Lord Corruptor 

Get SALT Encoding   

  12  0:00  Drone  
  13  0:11  Overlord  
  13  0:16  Drone  
  14  0:30  Drone x2  
  14  0:33  Drone  
  17  0:53  Hatchery  
  17  0:56  Drone  
  17  0:59  Extractor  
  17  1:01  Drone  
  17  1:18  Spawning Pool  
  16  1:19  Drone  
  16  1:25  Drone  
  18  1:28  Drone  
  19  1:38  Drone  
  20  1:48  Overlord  
  20  2:06  Overlord x2  
  20  2:09  Metabolic Boost  
  20  2:10  Queen  
  22  2:19  Queen  
  24  2:23  Zergling x2  
  24  2:24  Zergling x2  
  24  2:27  Drone  
  27  2:30  Drone  
  27  2:32  Drone  
  27  2:37  Drone  
  30  2:42  Drone  
  31  2:48  Queen  
  33  2:52  Drone  
  34  3:00  Drone x2  
  35  3:16  Drone x3  
  37  3:22  Hatchery  
  37  3:23  Queen  
  38  3:39  Lair  
  38  3:43  Drone x5  
  38  3:44  Extractor, Drone x2  
  44  3:54  Overlord  
  44  3:55  Overlord  
  44  4:00  Spore Crawler  
  44  4:01  Spore Crawler  
  42  4:11  Queen  
  44  4:20  Drone x2  
  44  4:21  Drone x3  
  44  4:22  Zergling x10  
  54  4:30  Evolution Chamber x2  
  52  4:34  Drone  
  52  4:35  Drone x2  
  55  4:40  Hydralisk Den  
  54  4:50  Spore Crawler  
  53  4:55  Zergling x8  
  53  4:57  Zerg Ground Armor Level 1  
  57  5:01  Queen  
  57  5:02  Queen  
  61  5:08  Overlord x2  
  57  5:21  Spore Crawler x2  
  56  5:22  Spore Crawler  
  56  5:23  Drone  
  56  5:24  Spore Crawler, Drone x3  
  56  5:25  Extractor  
  56  5:26  Drone x2  
  58  5:41  Zerg Missile Weapons Level 1  
  58  5:42  Hydralisk x3  
  64  5:51  Spore Crawler  
  64  5:56  Queen  
  65  5:57  Queen  
  61  6:15  Hydralisk x3  
  59  6:20  Queen  
  59  6:31  Hydralisk x2  
  59  6:32  Queen  
  62  6:52  Overlord x4  
  56  7:10  Queen x3  
  56  7:12  Zergling x2  
  63  7:18  Hydralisk x5  
  63  7:20  Drone x8  
  81  7:28  Spore Crawler  
  80  7:34  Drone x2  
  80  7:45  Extractor  
  80  7:46  Extractor, Overlord, Drone x4  
  80  7:47  Overlord x2  
  80  7:48  Extractor  
  81  8:07  Spire  
  81  8:12  Overlord x2  
  80  8:14  Pneumatized Carapace  
  80  8:23  Grooved Spines  
  80  8:24  Hydralisk x3  
  86  8:28  Drone x8  
  94  8:43  Infestation Pit  
  93  8:51  Spore Crawler  
  93  8:53  Spore Crawler  
  91  8:58  Spore Crawler, Drone x3  
  91  8:59  Hydralisk x4  
  100  9:05  Drone x3  
  100  9:06  Drone x2  
  105  9:29  Corruptor x3  
  105  9:30  Hatchery, Corruptor  
  112  9:39  Zerg Flyer Armor Level 1  
  112  9:47  Drone x2  
  112  9:48  Overlord, Drone x3  
  112  9:49  Overlord  
  117  9:53  Overseer  
  117  10:07  Zerg Missile Weapons Level 2  
  117  10:08  Zerg Ground Armor Level 2  
  117  10:12  Hive  
  117  10:17  Overlord x2  
  117  10:24  Drone x2  
  119  10:28  Overlord  
  119  10:32  Corruptor x3  
  125  10:36  Muscular Augments  
  125  10:45  Extractor  
  125  10:49  Extractor  
  123  10:56  Zergling x32  
  139  11:03  Drone x5  
  144  11:18  Corruptor x2  
  144  11:19  Overlord x3  
  148  11:28  Overlord  
  148  11:34  Drone x3  
  148  11:35  Drone x3  
  154  11:49  Greater Spire  
  154  11:54  Viper x2  
  160  12:08  Overlord x2  
  160  12:14  Overlord x3  
  160  12:17  Corruptor x3  
  160  12:18  Corruptor  
  168  12:34  Queen  
  170  13:01  Spawning Pool  
  170  13:03  Brood Lord x6  
  181  13:13  Hydralisk x4  
  191  13:21  Zerg Flyer Weapons Level 1  
  105  13:42  Hydralisk x25  
  105  13:43  Hydralisk x2  
  147  13:55  Zergling x14  
  95  14:26  Drone x3  
  92  14:35  Drone x3  
  95  14:48  Drone x3  
  81  15:03  Zergling x10  
  78  15:14  Zergling x8  
  78  15:19  Drone x2  
Show
View Real Time Build Order
Export as new Build Order

Donkey Terran - Winner!

Build Orders: Mech 

Get SALT Encoding   

  12  0:00  SCV  
  13  0:12  SCV  
  14  0:17  Supply Depot  
  14  0:24  SCV  
  15  0:38  SCV  
  15  0:40  Barracks  
  16  0:44  Refinery  
  16  0:51  SCV  
  17  1:03  SCV  
  18  1:15  SCV  
  19  1:27  Orbital Command, Marine  
  20  1:36  Command Center  
  20  1:44  Marine  
  21  1:49  Bunker  
  21  1:53  SCV  
  22  2:02  Supply Depot  
  22  2:16  SCV  
  22  2:19  Refinery  
  22  2:22  Supply Depot  
  23  2:24  Factory  
  23  2:27  Marine  
  23  2:29  SCV  
  25  2:41  SCV  
  26  2:47  Marine  
  26  2:48  Orbital Command  
  26  2:50  Refinery  
  27  2:53  Refinery  
  27  2:57  SCV  
  28  3:05  Marine  
  28  3:09  SCV  
  28  3:10  Starport  
  30  3:17  Widow Mine  
  32  3:24  SCV x2  
  34  3:36  SCV x2  
  34  3:40  Starport  
  34  3:41  Widow Mine  
  38  3:48  SCV x2  
  38  3:52  Fusion Core  
  40  4:00  SCV x2  
  42  4:12  Engineering Bay  
  42  4:17  Supply Depot, Starport Tech Lab  
  42  4:18  Starport Tech Lab  
  42  4:20  Armory, SCV x2  
  44  4:48  Battlecruiser  
  44  4:49  Battlecruiser  
  44  4:51  Factory Tech Lab  
  56  4:54  SCV x2  
  58  5:09  Terran Vehicle Weapons Level 1  
  58  5:10  Infernal Pre-Igniter  
  58  5:12  SCV x2  
  58  5:13  Supply Depot  
  60  5:24  Command Center  
  60  5:30  Factory  
  60  5:31  SCV x2  
  62  5:38  Factory  
  62  5:45  Factory  
  62  5:51  Factory  
  62  5:59  SCV x2  
  64  6:35  Hellion x2  
  64  6:36  Hellion x3  
  74  7:11  Terran Vehicle Weapons Level 2  
  74  7:14  Factory Tech Lab  
  74  7:15  Factory Tech Lab  
  74  7:17  Siege Tank x3  
  74  7:19  Orbital Command  
  83  7:26  Supply Depot x2  
  83  7:27  Supply Depot  
  83  7:28  Supply Depot  
  83  7:29  Supply Depot  
  83  7:52  Factory  
  83  7:53  Factory x3  
  83  7:59  Thor  
  83  8:01  Factory  
  83  8:02  Mag-Field Accelerator  
  83  8:04  Smart Servos  
  89  8:06  Hellion x4  
  97  8:19  Orbital Command  
  98  8:20  SCV x2  
  99  8:32  SCV x2  
  101  8:44  SCV x2, Supply Depot  
  101  8:47  SCV  
  104  8:56  SCV x2  
  104  8:57  Refinery  
  104  8:59  SCV  
  107  9:04  Refinery  
  107  9:08  SCV  
  107  9:09  SCV  
  109  9:11  SCV  
  110  9:22  Factory x2, SCV x2  
  110  9:23  Factory, SCV  
  113  9:25  Factory  
  113  9:27  Cyclone x3  
  113  9:28  Cyclone  
  113  9:29  Factory Tech Lab  
  125  9:36  SCV x3  
  128  9:39  Supply Depot  
  128  9:41  Supply Depot x2  
  128  9:42  Supply Depot  
  128  9:44  Supply Depot  
  128  9:46  Terran Vehicle And Ship Armor Level 1  
  128  9:53  Armory  
  128  9:58  Hellion x2  
  132  10:01  Hellion x4  
  140  10:08  Factory Tech Lab x2  
  140  10:10  Refinery  
  140  10:11  Command Center  
  140  10:14  Refinery  
  140  10:16  Factory Tech Lab  
  140  10:20  Supply Depot  
  140  10:24  Siege Tank x3  
  140  10:25  Siege Tank  
  140  10:27  Factory Tech Lab  
  152  10:40  Siege Tank  
  152  10:41  Siege Tank  
  152  10:42  Factory Tech Lab x3  
  158  11:07  Supply Depot  
  158  11:08  Supply Depot  
  158  11:09  SCV x3  
  161  11:12  Siege Tank x4  
  173  11:21  SCV x2  
  173  11:22  SCV  
  176  11:33  Orbital Command  
  176  11:43  Factory  
  176  11:44  Factory  
  176  11:45  Factory  
  176  11:49  Factory  
  175  12:20  Hellion  
  175  12:21  Hellion x6  
  175  12:22  Hellion x5  
  199  12:26  Terran Vehicle Weapons Level 3, Terran Vehicle And Ship Armor Level 2  
  164  13:35  Thor x2  
  164  13:36  Thor x5  
  192  13:56  Thor  
  165  14:21  Thor x3  
  165  14:22  Thor x4  
  176  14:24  Hellion x2  
  176  14:25  Hellion x6  
  183  14:53  Hellion x3  
  181  15:00  Viking x2  
  183  15:13  Hellion x4  
  183  15:14  Hellion x5  
  191  15:43  Refinery  
  191  15:44  Command Center  
Tags
 
Add a new tag
Caveats
  • Supply blocks, unpowered buildings, or Contaminate may cause inaccurate times.
  • Supply counts are checked every 10 seconds.